 Dungeon Crawl Stone Soup version 0.29.1-15-g9cfb28693d (webtiles) character file.

Game seed: 15958636553180070145

58 promet the Cutter (level 3, -1/42 HPs)
             Began as a Minotaur Wanderer on Mar 13, 2023.
             Succumbed to Terence's poison
             ... on level 2 of the Dungeon.
             The game lasted 00:04:19 (1408 turns).

promet the Cutter (Minotaur Wanderer)               Turns: 1408, Time: 00:04:19

Health: -1/42      AC: 21    Str: 14    XL:     3   Next: 75%
Magic:  2/2        EV:  2    Int:  9    God:
Gold:   106        SH:  4    Dex: 13    Spells: 2/2 levels left

rFire   . . .      SeeInvis .   a - +0 rapier
rCold   . . .      Faith    .   c - +0 buckler
rNeg    . . .      Spirit   .   (body armour currently unavailable)
rPois   +          Reflect  .   (helmet currently unavailable)
rElec   .          Harm     .   (cloak currently unavailable)
rCorr   .          Rampage  .   (gloves currently unavailable)
Will    .....      NoTele   +   (boots currently unavailable)
Stlth   ++........              (no amulet)
HPRegen 0.14/turn               (no ring)
MPRegen 0.08/turn               (no ring)

@: lethally poisoned (-1 -> -10), tree-form
A: stationary, stasis, torment immunity, boosted hp, (horns 2), (retaliatory
headbutt)
a: no special abilities


You were on level 2 of the Dungeon.
You were a tree.
You visited 1 branch of the dungeon, and saw 2 of its levels.

You collected 106 gold pieces.

Inventory:

Hand Weapons
 a - a +0 rapier (weapon)
Armour
 c - a +0 buckler (worn)
 e - a +0 leather armour
 g - a +0 chain mail (melded)
Jewellery
 f - an amulet of guardian spirit
Scrolls
 i - a scroll of teleportation
Potions
 d - a potion of brilliance


   Skills:
 + Level 1.2 Fighting
 + Level 6.5 Short Blades
 + Level 1.5 Armour
 + Level 1.0 Stealth
 + Level 1.3 Shields
 + Level 1.1 Unarmed Combat
 + Level 1.0 Invocations


You had 2 spell levels left.
You didn't know any spells.
Your spell library contained the following spells:

 Spells                   Type           Power      Damage    Failure   Level
 Beastly Appendage        Tmut           0%         N/A       47%         1
 Wereblood                Tmut           0%         N/A       63%         2
 Spider Form              Tmut/Pois      0%         N/A       85%         3


Dungeon Overview and Level Annotations

Branches:
Dungeon (2/15)

Altars:


Innate Abilities, Weirdness & Mutations

You are a tree.
Your roots penetrate the ground, keeping you stationary.
You cannot be teleported.
You are immune to unholy pain and torment.
Your maximum health is greatly increased.
Your equipment is partially melded.
((You have a pair of horns on your head.))
((You reflexively headbutt those who attack you in melee.))


Message History

The giant cockroach is moderately wounded.
The giant cockroach barely misses you. You furiously retaliate!
You headbutt the giant cockroach!
You kill the giant cockroach!
The goblin hits you but does no damage.
You see here a giant cockroach corpse.
The goblin hits you but does no damage.
You puncture the goblin!
You kill the goblin!
Okay, then.
Okay, then.
You drop a scroll of vulnerability.
You hit Terence. Your headbutt misses Terence.
Terence is moderately wounded.
Terence hits you with a +1 flail of venom.
You barely miss Terence. You headbutt Terence, but do no damage.
Terence is moderately wounded.
Terence hits you with a +1 flail of venom.
You are poisoned.
Okay, then.
You hit Terence.
Terence is severely wounded.
You feel very sick.
Terence hits you with a +1 flail of venom.
You are lethally poisoned!
You hit Terence. You headbutt Terence.
You kill Terence!
You feel very sick.
* * * LOW HITPOINT WARNING * * *
You feel very sick.
* * * LOW HITPOINT WARNING * * *
You feel very sick.
It was a potion of lignification.
You turn into a tree.
Your +0 chain mail melds into your body.
Your roots penetrate the ground.
* * * LOW HITPOINT WARNING * * *
You feel sick.
Okay, then.
Unknown command.
You die...

#.###.........
#......... ##
#.####.#.....## .###
#......##.....# ...#
#####.........# .
##.########.###.##>..
#..
#....#..........####
...
####.....<..###.#####
.@### ##......##
#♣.?)†#......
#....### #####...#
##...# #....## #...#
######.##.# ##.##
#......# ..# #.#
#.####.......
###.####.# #........
...##..†#....#
#.........
...........####
#.........


There were no monsters in sight!

Vanquished Creatures
  Terence (D:2)
  2 bats
  4 endoplasms (D:1)
  4 giant cockroaches
  3 goblins
  6 hobgoblins
  2 kobolds
  3 ball pythons (D:1)
  8 rats
33 creatures vanquished.

Notes
Turn   | Place    | Note
-------+----------+-------------------------------------------
     0 | D:1      | promet the Minotaur Wanderer began the quest for the Orb.
     0 | D:1      | promet set off with the following items: a +0 rapier, a
                  | scroll of vulnerability, a +0 buckler, a potion of
                  | brilliance, a +0 leather armour.
     0 | D:1      | Reached XP level 1. HP: 14/14 MP: 0/0
   387 | D:1      | Reached XP level 2. HP: 19/22 MP: 1/1
   470 | D:1      | Reached skill level 6 in Short Blades
  1206 | D:2      | Reached XP level 3. HP: 27/27 MP: 2/2
  1225 | D:2      | Reached skill level 1 in Fighting
  1393 | D:2      | Noticed Terence
  1404 | D:2      | Killed Terence
  1406 | D:2      | HP: 1/28 [poisoned by Terence]
  1408 | D:2      | Succumbed to Terence's poison

Illustrated notes

Levels and vault maps discovered:
D:1:      dpeg_arrival_long_road, layout_rooms, serial_corexii_hall,
          chequers_hall_statues_y, corexii_hall_statues_t
D:2:      layout_rooms, basic_ecumenical_altar, uniq_terence

Skill      XL: |  1  2  3 |
---------------+----------+-----
Short Blades   | 6 |  6.5
Fighting       | 1 |  1.2
Armour         | |  1.5
Stealth        | |  1.0
Shields        | |  1.3
Unarmed Combat | |  1.1
Invocations    | |  1.0

Action                   || total
-------------------------++-------
Melee: Rapier            ||    68
       Headbutt          ||     9
  Use: Scroll            ||     4
       Potion            ||     1
Armor: Leather armour    ||     8
       Chain mail        ||     7
Dodge: Dodged            ||    24
Block: Buckler           ||     5
